 Dungeon Crawl Stone Soup version 0.23.1 (webtiles) character file.

Game seed: 0

7253 Fang the Fighter (level 11, -20/108 HPs)
             Began as a Gargoyle Berserker on Mar 14, 2019.
             Was a High Priest of Trog.
             Demolished by a large abomination (26 damage)
             ... on level 2 of the Abyss.
             The game lasted 00:13:05 (8177 turns).

Fang the Fighter (Gargoyle Berserker)               Turns: 8177, Time: 00:13:06

Health: -20/108    AC: 19    Str: 28    XL:     11   Next: 12%
Magic:  11/11      EV: 15    Int: 12    God:    Trog [*****.]
Gold:   520        SH:  0    Dex:  9    Spells: 10/10 levels left

rFire    + . .     SeeInvis .   x - +7 executioner's axe "Biozyhie" {speed, Int+3}
rCold    + . .     Gourm    .   (shield currently unavailable)
rNeg     + . .     Faith    .   B - +1 leather armour "Goet Loi" {rC+}
rPois    ∞         Spirit   .   (no helmet)
rElec    +         Reflect  .   (no cloak)
rCorr    .         Harm     .   (no gloves)
MR       ++...                  z - +1 pair of boots
Stlth    ..........             (no amulet)
HPRegen  1.28/turn              j - +4 ring of protection
MPRegen  0.12/turn              u - ring of protection from fire

@: berserking, regenerating, very quick
A: negative energy resistance 1, electricity resistance, unbreathing,
petrification resistance, rot immunity, AC +8
a: Berserk, Trog's Hand, Brothers in Arms, Renounce Religion


You were on level 2 of the Abyss.
You worshipped Trog.
Trog was extremely pleased with you.
You were very hungry.

You visited 2 branches of the dungeon, and saw 10 of its levels.
You visited the Abyss 1 time.

You collected 520 gold pieces.

Inventory:

Hand Weapons
 e - a +2 war axe of freezing
 o - a +1 war axe
 x - the +7 executioner's axe "Biozyhie" (weapon) {speed, Int+3}
   (You acquired it on level 2 of the Abyss)

   Attacks with this weapon are significantly faster.
   It affects your intelligence (+3).
 H - a +0 battleaxe of venom
Armour
 f - a +1 chain mail
 z - a +1 pair of boots (worn)
 B - the +1 leather armour "Goet Loi" (worn) {rC+}
   (You found it on level 8 of the Dungeon)

   It protects you from cold.
Jewellery
 a - an uncursed ring of ice
 j - a +4 ring of protection (left hand)
 u - a ring of protection from fire (right hand)
Wands
 l - a wand of digging (9)
 p - a wand of iceblast (5)
 s - a wand of flame (52)
 t - a wand of disintegration (30)
 v - a wand of acid (6)
 D - a wand of clouds (5)
 G - a wand of scattershot (2)
Scrolls
 g - 2 scrolls of enchant armour
 k - 3 scrolls of teleportation
 n - 2 scrolls of blinking
 r - 4 scrolls of remove curse
 y - a scroll of magic mapping
 C - 2 scrolls of identify
Potions
 b - a potion of might {unknown}
 d - a potion of haste
 h - a potion of cancellation {unknown}
 i - a potion of invisibility
 m - 3 potions of curing
 q - 6 potions of brilliance
 w - 3 potions of resistance
 A - a potion of heal wounds {unknown}
 E - a potion of lignification {unknown}
 F - a potion of magic
Comestibles
 c - 20 rations


   Skills:
 + Level 9.8 Fighting
 + Level 8.2 Axes
 + Level 9.5 Armour
 + Level 7.2 Dodging


You had 10 spell levels left.
You didn't know any spells.
Your spell library was empty.

Dungeon Overview and Level Annotations

Branches:
Dungeon (9/15)             Temple (1/1) D:6            Lair (0/6) D:8
    Orc (0/2) D:9

Altars:
Ashenzari
Dithmenos
Elyvilon
Okawaru

Shops:
D:5 !:[

Annotations:
D:9 Erolcha


Innate Abilities, Weirdness & Mutations

You are resistant to torment.
Your stone body is resilient. (AC +8)
You are immune to poison.
You resist negative energy. (rN+)
You are resistant to electric shocks. (rElec)
You can survive without breathing.
You are immune to petrification.
You are immune to rotting.


Message History

The large abomination hits you!!
* * * LOW HITPOINT WARNING * * *
You slash the large abomination!
The large abomination is heavily damaged.
The large abomination barely misses you.
Your skin crawls.
You feel resistant to hostile enchantments.
You feel somewhat more hungry. The large abomination hits you!
* * * LOW HITPOINT WARNING * * *
The large abomination barely misses you.
Your ogre goes berserk!
You are feeling hungry.
The large abomination barely misses you.
The large abomination hits you!
* * * LOW HITPOINT WARNING * * *
A red film seems to cover your vision as you go berserk!
You feel yourself moving faster!
You feel mighty!
You are feeling very hungry.
The large abomination hits you!!
You die...

. . .. ...
.........#
.......... ....).#
#. ...#.....#.....#
#. .###...###...##
# .. #
....#.....##.#. .
..
..............#..
...
..)....O.......# ..
...
.............#..
#.. .#.>...#..@..##
. . ........XX..# .
....#.....#....# .
##...###...###.....
# .. #....> .......
. .. ......
.......# .... .
........ ......# ..
> . ........
......# .. . # ..#
.


You could see 2 large abominations and a friendly ogre (berserk).

Vanquished Creatures
  A two-headed ogre (D:8)
  An efreet (Abyss:2)
  A hippogriff (D:6)
  Grinder (D:5)
  Sigmund (D:2)
  Eustachio (D:5)
  6 yaks (D:9)
  A hungry ghost (D:9)
  Edmund (D:5)
  Duvessa (D:5)
  2 ice beasts
  4 orc warriors (D:9)
  3 sky beasts
  2 necrophages
  3 phantoms
  A small abomination (Abyss:2)
  6 ogres
  6 centaurs
  A big kobold (D:9)
  A bullfrog (D:7)
  Dowan (D:5)
  4 scorpions
  5 crimson imps
  A quasit (Abyss:2)
  2 centaur skeletons
  5 hounds
  4 orc priests
  10 orc wizards
  A gnoll shaman (D:5)
  2 bullfrog skeletons
  An iron imp (Abyss:2)
  Jessica (D:3)
  2 iguanas
  Ijyb (D:3)
  11 worker ants
  A killer bee zombie (D:8)
  A hound skeleton (D:8)
  Robin (D:4)
  A worker ant zombie (D:5)
  14 gnolls
  14 adders
  A shadow imp (D:7)
  An ooze (D:1)
  An adder skeleton (D:4)
  4 worms
  2 dart slugs
  3 leopard geckos
  36 orcs
  7 bats
  4 giant cockroaches
  14 hobgoblins
  14 jackals
  6 kobolds
  7 quokkas
  3 ball pythons
  4 frilled lizards
  A giant cockroach zombie (D:5)
  15 goblins
  5 rats
255 creatures vanquished.

Notes
Turn   | Place    | Note
-------+----------+-------------------------------------------
     0 | D:1      | Fang the Gargoyle Berserker began the quest for the Orb.
     0 | D:1      | Reached XP level 1. HP: 14/14 MP: 1/1
   293 | D:1      | Reached XP level 2. HP: 19/19 MP: 2/2
   553 | D:1      | Reached XP level 3. HP: 23/23 MP: 3/3
   764 | D:2      | Reached XP level 4. HP: 22/29 MP: 4/4
   880 | D:2      | Reached ** piety under Trog
  1159 | D:2      | Reached XP level 5. HP: 26/33 MP: 5/5
  1218 | D:2      | Noticed Sigmund
  1233 | D:2      | Killed Sigmund
  1233 | D:2      | Reached XP level 6. HP: 39/39 MP: 6/6
  1858 | D:3      | Noticed Jessica
  1880 | D:3      | Killed Jessica
  1883 | D:3      | Reached skill level 5 in Fighting
  2015 | D:3      | Reached XP level 7. HP: 40/44 MP: 7/7
  2135 | D:3      | Noticed Ijyb
  2153 | D:3      | Killed Ijyb
  2276 | D:3      | Reached *** piety under Trog
  3136 | D:4      | Noticed Robin
  3147 | D:4      | Killed Robin
  3152 | D:4      | Reached skill level 5 in Armour
  3725 | D:5      | Entered Level 5 of the Dungeon
  3736 | D:5      | Noticed Edmund
  3751 | D:5      | Killed Edmund
  3751 | D:5      | Reached XP level 8. HP: 47/51 MP: 8/8
  3831 | D:5      | Noticed Dowan
  3831 | D:5      | Noticed Duvessa
  3836 | D:5      | Noticed Eustachio
  3843 | D:5      | Killed Duvessa
  3843 | D:5      | Reached skill level 5 in Axes
  3845 | D:5      | Killed Dowan
  3880 | D:5      | Killed Eustachio
  4106 | D:5      | Found Cohaugan's Book Boutique.
  4146 | D:5      | Found Zomme's Antique Armour Shop.
  4213 | D:5      | Found a white marble altar of Elyvilon.
  4250 | D:5      | Noticed Grinder
  4265 | D:5      | Reached **** piety under Trog
  4504 | D:5      | Killed Grinder
  4504 | D:5      | Reached XP level 9. HP: 49/56 MP: 9/9
  4575 | D:5      | Reached skill level 5 in Dodging
  4712 | D:5      | Found Aschoicu's Distillery.
  5084 | D:6      | Found a staircase to the Ecumenical Temple.
  5100 | Temple   | Entered the Ecumenical Temple
  5224 | D:6      | Identified the +7 dire flail "Ashrit" {antimagic, rN+ MR+++
                  | MP+9 Dex-5}
  6023 | D:7      | Found an iron altar of Okawaru.
  6047 | D:7      | Reached XP level 10. HP: 64/64 MP: 10/10
  6144 | D:8      | Found a shadowy altar of Dithmenos.
  6149 | D:8      | Noticed a two-headed ogre
  6151 | D:8      | Received a gift from Trog
  6158 | D:8      | Killed a two-headed ogre
  6305 | D:8      | Got a brightly glowing leather armour
  6316 | D:8      | Identified the +1 leather armour "Goet Loi" {rC+} (You
                  | found it on level 8 of the Dungeon)
  6471 | D:8      | Found a staircase to the Lair.
  6829 | D:8      | Identified a scroll of acquirement
  7559 | D:9      | Reached ***** piety under Trog
  7574 | D:9      | Reached XP level 11. HP: 20/71 MP: 11/11
  7579 | D:9      | Noticed Erolcha
  7944 | D:9      | Found a staircase to the Orcish Mines.
  8011 | D:9      | Cast into level 2 of the Abyss (Erolcha)
  8081 | Abyss:2  | Got a crude executioner's axe
  8082 | Abyss:2  | Identified the +7 executioner's axe "Biozyhie" {speed,
                  | Int+3} (You acquired it on level 2 of the Abyss)
  8163 | Abyss:2  | Noticed a large abomination
  8168 | Abyss:2  | Noticed a large abomination
  8176 | Abyss:2  | HP: 3/72 [large abomination (13)]
  8177 | Abyss:2  | Demolished by a large abomination

Skill      XL: |  1  2  3  4  5  6  7  8  9 10 |
---------------+-------------------------------+-----
Axes           | 3 4 5 6 8 |  8.2
Dodging        | 2 3 4 5 7 |  7.2
Armour         | 3 4 5 6 7 9 |  9.5
Fighting       | 4 5 6 8 9 |  9.8

Action                   |  1- 3 |  4- 6 |  7- 9 | 10-12 || total
-------------------------+-------+-------+-------+-------++-------
Melee: Hand axe          |    84 |   158 |       |       ||   242
       War axe           |       |    37 |   518 |   268 ||   823
       Executioner's axe |       |       |       |    16 ||    16
Invok: Berserk           |     1 |     2 |     1 |     3 ||     7
       Trog's Hand       |       |       |     1 |     2 ||     3
       Brothers in Arms  |       |       |       |     1 ||     1
  Use: Scroll            |       |       |    14 |     7 ||    21
       Potion            |       |       |       |     1 ||     1
  Eat: Chunk             |       |     7 |    15 |    10 ||    32
       Ration            |       |       |       |     1 ||     1
Armor: Chain mail        |    59 |   136 |   481 |    29 ||   705
       Leather armour    |       |       |       |   100 ||   100
Dodge: Dodged            |    47 |   105 |   344 |   181 ||   677
